 Dungeon Crawl Stone Soup version 0.22.1-2-g9c5b331 (webtiles) character file.

6682 shamaniam the Grappler (level 10, -4/102 HPs)
             Began as a Troll Transmuter on Dec 3, 2018.
             Was a Believer of Ru.
             Slain by a ten-headed hydra (8 damage)
             ... on level 11 of the Dungeon.
             The game lasted 00:28:35 (10069 turns).

shamaniam the Grappler (Troll Transmuter)          Turns: 10069, Time: 00:28:35

Health: -4/102     AC:  9    Str: 20    XL:     10   Next: 73%
Magic:  10/10      EV: 12    Int:  9    God:    Ru [**....]
Gold:   219        SH:  9    Dex:  9    Spells: 3/11 levels left

rFire    . . .     SeeInvis .   b - +0 blowgun
rCold    + . .     Gourm    +   f - +0 shield
rNeg     + . .     Faith    .   S - +0 troll leather armour
rPois    +         Spirit   .   m - +1 hat
rElec    .         Reflect  .   R - +0 cloak "Intekhlics" {rPois rC+ rN+ Dex-4}
rCorr    .         Harm     .   (gloves unavailable)
MR       +....                  (boots unavailable)
Stlth    ..........             o - amulet of regeneration
HPRegen  1.47/turn              c - ring of protection from magic
MPRegen  0.12/turn              y - +3 ring of evasion

@: no status effects
A: large, unfitting armour, claws 3, fast metabolism 3, gourmand, regeneration
1, shaggy fur 1, tough skin 2, no stealth, unskilled 1
a: Renounce Religion


You were on level 11 of the Dungeon.
You worshipped Ru.
Ru was pleased with you.
You were completely stuffed.

You visited 2 branches of the dungeon, and saw 12 of its levels.
You also visited: Sewer.

You collected 656 gold pieces.
You spent 437 gold pieces at shops.

Inventory:

Hand Weapons
 b - a +0 blowgun (weapon)
 N - a +2 hunting sling of flaming
Missiles
 a - 175 arrows
 n - 53 sling bullets
 r - 6 needles of paralysis (quivered)
 C - 2 throwing nets
Armour
 f - a +0 shield (worn)
 m - a +1 hat (worn)
 A - a +0 robe of fire resistance
 R - the +0 cloak "Intekhlics" (worn) {rPois rC+ rN+ Dex-4}
   (You found it on level 9 of the Dungeon)

   It affects your dexterity (-4).
   It protects you from cold.
   It protects you from poison.
   It protects you from negative energy.
 S - a +0 troll leather armour (worn)
Jewellery
 c - a ring of protection from magic (left claw)
 k - an uncursed ring of flight
 o - an amulet of regeneration (around neck)
 p - an uncursed ring of protection from fire
 y - a +3 ring of evasion (right claw)
 L - an uncursed ring of protection from fire
Wands
 B - a wand of iceblast (12)
 D - a wand of acid (23)
 I - a wand of paralysis (17)
 M - a wand of enslavement (12)
 P - a wand of polymorph (16)
Scrolls
 e - 2 scrolls of identify
 g - a scroll of magic mapping
 h - 4 scrolls of teleportation
 j - a scroll of blinking
 v - 2 scrolls of amnesia
 x - 2 scrolls of enchant weapon
 z - 3 scrolls of fog
 G - 3 scrolls of remove curse
 H - 2 scrolls of fear
 K - 2 scrolls of vulnerability {unknown}
 O - a scroll of holy word
 Q - a scroll of enchant armour {unknown}
Potions
 i - a potion of resistance
 l - a potion of magic
 q - 2 potions of lignification
 s - 3 potions of curing
 t - 3 potions of flight
 u - 3 potions of heal wounds
 w - a potion of invisibility
 E - 2 potions of agility
 F - 2 potions of haste
 J - a potion of brilliance
 U - a potion of mutation {unknown}
Comestibles
 d - 24 rations
 T - 13 chunks of flesh


   Skills:
 + Level 7.1 Fighting
 - Level 4.0 Throwing
 - Level 3.0 Dodging
 + Level 4.8 Shields
 * Level 9.9 Unarmed Combat
 - Level 1.1 Spellcasting
 - Level 1.2 Transmutations
 + Level 0.0 Evocations


You had 3 spell levels left.
You knew the following spells:

 Your Spells              Type           Power        Failure   Level  Hunger
a - Beastly Appendage     Tmut           #.....       54%         1    ##.....
b - Sticks to Snakes      Tmut           #.......     67%         2    ###....
c - Blade Hands           Tmut           #.........   100%        5    ######.

Your spell library contained the following spells:

 Spells                   Type           Power        Failure   Level  Hunger
 Summon Small Mammal      Summ           #...         71%         1    ##.....
 Call Imp                 Summ           #.......     85%         2    ###....
 Spider Form              Tmut/Pois      #.........   94%         3    ####...
 Call Canine Familiar     Summ           #.......     97%         3    ####...
 Summon Guardian Golem    Hex/Summ       #.......     97%         3    ####...
 Ice Form                 Ice/Tmut       #.......     100%        4    #####..
 Summon Ice Beast         Ice/Summ       #.......     100%        4    #####..
 Summon Lightning Spire   Summ/Air       #.......     100%        4    #####..


Dungeon Overview and Level Annotations

Branches:
Dungeon (10/15)            Temple (1/1) D:7            Lair (0/6) D:9
    Orc: D:9-12

Altars:
Ashenzari
Cheibriados
Dithmenos
Elyvilon
Fedhas
Gozag
Hepliaklqana
Kikubaaqudgha
Makhleb
Nemelex Xobeh
Okawaru
Qazlal
Ru
Sif Muna
Trog
Uskayaw
Vehumet
Wu Jian
Xom
Yredelemnul
Zin
The Shining One

Shops:
D:4 %*   D:7 *[?   D:8 (

Annotations:
D:6 3 runed doors, Aeroq's ghost, novice DrTm


Innate Abilities, Weirdness & Mutations

You are too large for most types of armour.
You have claws for hands.
Your metabolism is lightning-fast.
You like to eat raw meat.
Your natural rate of healing is unusually fast.
You are covered in fur. (AC +1)
You have very tough skin. (AC +2)
You cannot be stealthy.
You are somewhat unskilled. (-1 Apt)


Message History

The ten-headed hydra resists.
The ten-headed hydra is lightly wounded.
Firing (i - inventory. (/) - cycle)
r - 7 needles of paralysis (quivered)
Press: ? - help, Shift-Dir - straight line, f/p - ten-headed hydra
Aim: a ten-headed hydra (lightly wounded)
You shoot a needle of paralysis.
The needle of paralysis hits the ten-headed hydra!
The ten-headed hydra resists.
The ten-headed hydra is lightly wounded.
The ten-headed hydra barely misses you. The ten-headed hydra bites you!
* * * LOW HITPOINT WARNING * * *
The ten-headed hydra bites you.
* * * LOW HITPOINT WARNING * * *
The ten-headed hydra bites you!
* * * LOW HITPOINT WARNING * * *
You block the ten-headed hydra's attack.
The ten-headed hydra bites you.
* * * LOW HITPOINT WARNING * * *
The ten-headed hydra bites you!
You die...

#..# # ##.# # #####'###
#### #.....รท.# #...
#.......### #...
#.......'.####... +.#
#.......#...)))..
#....###.......######...
#..D@.......# #...
#####.......# #...
###+##### ####


You could see a ten-headed hydra.

Vanquished Creatures
  Joseph (D:7)
  A troll (D:9)
  3 hippogriffs
  Sigmund (D:6)
  5 yaks (D:11)
  A hungry ghost (D:8)
  3 water moccasins
  Duvessa (D:5)
  3 sky beasts
  An orc warrior (D:11)
  A phantom (D:8)
  5 centaurs
  A wolf (D:9)
  8 ogres
  Blork the orc (D:4)
  5 bullfrogs
  A water moccasin zombie (D:8)
  Dowan (D:5)
  7 killer bees (D:9)
  A scorpion (D:9)
  3 wights (D:8)
  A howler monkey (D:8)
  An electric eel (D:9)
  A crimson imp (D:5)
  A bullfrog zombie (D:5)
  A quasit (D:8)
  2 jellies
  10 hounds
  3 bullfrog skeletons
  7 orc priests
  13 orc wizards
  Terence (D:3)
  Crazy Yiuf (D:6)
  3 worker ants
  A hound zombie (D:9)
  3 hound skeletons
  12 adders
  A shadow imp (D:7)
  An ooze (D:5)
  2 adder skeletons
  5 worms
  6 dart slugs
  9 leopard geckos
  31 orcs
  6 ball pythons
  11 giant cockroaches
  16 goblins
  3 hobgoblins
  7 jackals
  2 quokkas
  10 bats
  9 frilled lizards
  A giant cockroach zombie (D:5)
  11 kobolds
  A leopard gecko skeleton (D:4)
  2 quokka zombies (D:4)
  15 rats
264 creatures vanquished.

Notes
Turn   | Place    | Note
-------+----------+-------------------------------------------
     0 | D:1      | shamaniam the Troll Transmuter began the quest for the Orb.
     0 | D:1      | Reached XP level 1. HP: 18/18 MP: 1/1
    49 | D:1      | Reached skill level 1 in Fighting
   111 | D:1      | Reached XP level 2. HP: 27/27 MP: 2/2
   411 | D:1      | Reached XP level 3. HP: 33/33 MP: 3/3
   979 | D:2      | Found a stormy altar of Qazlal.
  1324 | D:2      | Reached skill level 1 in Throwing
  1393 | D:2      | Found a snail-covered altar of Cheibriados.
  1451 | D:2      | Reached XP level 4. HP: 42/42 MP: 4/4
  1727 | D:2      | Found a deep blue altar of Sif Muna.
  1844 | D:3      | Reached skill level 4 in Unarmed Combat
  1871 | D:3      | Reached XP level 5. HP: 42/50 MP: 5/5
  1894 | D:3      | Found a glowing silver altar of Zin.
  1997 | D:3      | Noticed Terence
  2014 | D:3      | Killed Terence
  2196 | D:3      | Found a radiant altar of Vehumet.
  2196 | D:3      | Found a faded altar of an unknown god.
  2202 | D:3      | Found a faded altar of an unknown god.
  2204 | D:3      | Found a hazy altar of Hepliaklqana.
  2206 | D:3      | Found a blossoming altar of Fedhas.
  2315 | D:3      | Reached XP level 6. HP: 49/59 MP: 6/6
  2480 | D:4      | Found Wibiycla's Assorted Antiques.
  2493 | D:4      | Found a sand-covered staircase.
  2548 | D:4      | Found Vyjaoruh's Food Shoppe.
  3284 | D:4      | Noticed Blork the orc
  3301 | D:4      | Killed Blork the orc
  3338 | D:4      | Reached skill level 5 in Unarmed Combat
  3352 | D:4      | Found an iron altar of Okawaru.
  3439 | D:4      | Bought a scroll labeled NOIGOSI CAIWEUFA for 17 gold pieces
  3439 | D:4      | Bought a lumpy ruby amulet for 85 gold pieces
  3439 | D:4      | Bought a lumpy green potion for 15 gold pieces
  3439 | D:4      | Bought an ivory wand for 68 gold pieces
  3439 | D:4      | Bought a bubbling purple potion for 15 gold pieces
  3439 | D:4      | Bought an orange potion for 15 gold pieces
  3539 | D:4      | Reached XP level 7. HP: 32/67 MP: 7/7
  3933 | D:5      | Entered Level 5 of the Dungeon
  4494 | D:5      | Noticed Duvessa
  4494 | D:5      | Noticed Dowan
  4507 | D:5      | Killed Duvessa
  4511 | D:5      | Killed Dowan
  4606 | D:5      | Reached skill level 1 in Shields
  4610 | D:5      | Reached skill level 6 in Unarmed Combat
  4844 | D:6      | Found a glowing drain.
  4871 | Sewer    | Entered a sewer
  5142 | Sewer    | Reached XP level 8. HP: 73/79 MP: 8/8
  5394 | D:6      | Noticed Aeroq's ghost (novice DrTm)
  5398 | D:6      | Found a runed gate.
  5398 | D:6      | Found a runed gate.
  5398 | D:6      | Found a runed gate.
  5411 | D:6      | Noticed Sigmund
  5426 | D:6      | Killed Sigmund
  5455 | D:6      | Reached skill level 5 in Fighting
  5457 | D:6      | Reached skill level 7 in Unarmed Combat
  5612 | D:6      | Found a radiant altar of Vehumet.
  5931 | D:6      | Found a runed door.
  6079 | D:6      | Noticed Crazy Yiuf
  6084 | D:6      | Killed Crazy Yiuf
  6153 | D:7      | Found a staircase to the Ecumenical Temple.
  6162 | D:7      | Noticed a hippogriff
  6175 | D:7      | Killed a hippogriff
  6175 | D:7      | Reached XP level 9. HP: 89/89 MP: 9/9
  6281 | D:6      | Reached skill level 8 in Unarmed Combat
  6305 | Temple   | Entered the Ecumenical Temple
  6385 | Temple   | Became a worshipper of Ru the Awakened
  6540 | D:7      | Found Dumop's Assorted Antiques.
  6546 | D:7      | Bought a tiny silver amulet for 140 gold pieces
  6587 | D:7      | Found Zaebaref's Magic Scroll Shop.
  6606 | D:7      | Bought a scroll of fear for 45 gold pieces
  6652 | D:7      | Found a hide-covered altar of Uskayaw.
  6666 | D:7      | Noticed Joseph
  6689 | D:7      | Killed Joseph
  6774 | D:7      | Found Fileytis's Armour Emporium.
  7396 | D:8      | Gained mutation: You are somewhat unskilled. (-1 Apt) [Ru
                  | sacrifice]
  7396 | D:8      | Reduced skill Unarmed Combat to level 7
  7396 | D:8      | Reached * piety under Ru
  7452 | D:8      | Reached skill level 8 in Unarmed Combat
  7495 | D:8      | Found Qeint's Weapon Shoppe.
  7506 | D:8      | Learned a level 2 spell: Sticks to Snakes
  7512 | D:8      | Learned a level 5 spell: Blade Hands
  7531 | D:8      | Bought a +0 blowgun for 37 gold pieces
  8019 | D:8      | Reached XP level 10. HP: 84/100 MP: 10/10
  8109 | D:8      | Noticed a moth of wrath
  8111 | D:8      | Found a bloodstained altar of Trog.
  8401 | D:9      | Found a staircase to the Lair.
  8577 | D:9      | Reached skill level 9 in Unarmed Combat
  8774 | D:9      | Got a shimmering cloak
  8785 | D:9      | Identified the +0 cloak "Intekhlics" {rPois rC+ rN+ Dex-4}
                  | (You found it on level 9 of the Dungeon)
  9413 | D:9      | Gained mutation: You cannot be stealthy. [Ru sacrifice]
  9413 | D:9      | Reached ** piety under Ru
  9555 | D:10     | Entered Level 10 of the Dungeon
  9656 | D:10     | You fall through a shaft!
 10062 | D:11     | Noticed an eight-headed hydra
 10069 | D:11     | HP: 4/102 [ten-headed hydra (2)]
 10069 | D:11     | Slain by a ten-headed hydra

Skill      XL: |  1  2  3  4  5  6  7  8  9 10 |
---------------+-------------------------------+-----
Fighting       | 1 2 3 4 6 7 |  7.1
Dodging        | 2 3 3 |  3.0
Throwing       | 1 2 3 3 4 |  4.0
Unarmed Combat | 4 5 6 7 8 9 |  9.9
Shields        | 1 3 4 |  4.8
Spellcasting   | |  1.1
Transmutations | |  1.2

Action                   |  1- 3 |  4- 6 |  7- 9 | 10-12 || total
-------------------------+-------+-------+-------+-------++-------
Melee: Unarmed           |   107 |   180 |   389 |   237 ||   913
       Punch             |     1 |     5 |       |       ||     6
 Fire: Blowgun           |       |       |       |     2 ||     2
Invok: Sacrifice Skill   |       |       |     1 |       ||     1
       Sacrifice Stealth |       |       |       |     1 ||     1
  Use: Scroll            |       |     1 |    19 |       ||    20
       Potion            |       |       |     1 |     1 ||     2
 Stab: Sleeping          |     1 |     1 |     2 |     1 ||     5
       Distracted        |       |       |     1 |     1 ||     2
  Eat: Chunk             |    18 |    20 |    46 |    19 ||   103
Armor: Robe              |    22 |    56 |    92 |    49 ||   219
       Troll leather arm |       |       |       |    14 ||    14
Dodge: Dodged            |    46 |    76 |   167 |   123 ||   412
Block: Shield            |       |       |   142 |   108 ||   250
